 Dungeon Crawl Stone Soup version 0.23-a0-619-g281719c6f9 (webtiles) character file.

1192 HereIgoKillingAgain the Nimble (level 8, -3/40 HPs)
             Began as a Felid Berserker on Dec 23, 2018.
             Was an Elder of Trog.
             Slain by a black bear (6 damage)
             ... on level 6 of the Dungeon.
             The game lasted 00:07:13 (5509 turns).

HereIgoKillingAgain the Nimble (Felid Berserker)    Turns: 5509, Time: 00:07:14

Health: -3/40      AC:  2    Str: 15    XL:     8   Next: 20%
Magic:  9/9        EV: 25    Int: 10    God:    Trog [****..]
Gold:   326        SH:  0    Dex: 20    Spells: 7/7 levels left
                                        Lives:  0   Deaths: 2

rFire    . . .     SeeInvis +     - Unarmed
rCold    . . .     Gourm    .   (shield unavailable)
rNeg     . . .     Faith    .   (armour unavailable)
rPois    .         Spirit   .   (helmet unavailable)
rElec    .         Reflect  .   (cloak unavailable)
rCorr    .         Harm     +   (gloves unavailable)
MR       +....                  (boots unavailable)
Stlth    ++........             q - amulet of harm
HPRegen  0.13/turn              f - +4 ring of dexterity
MPRegen  0.11/turn              j - +2 ring of strength

@: berserk cooldown, quick
A: very small, no armour, no weapons or thrown items, stealth, claws 1, fangs 3,
see invisible, carnivore, speed 1, shaggy fur 2, slow metabolism 1, sharp paws
a: Berserk, Trog's Hand, Brothers in Arms, Renounce Religion


You were on level 6 of the Dungeon.
You worshipped Trog.
Trog was greatly pleased with you.
You were full.

You visited 2 branches of the dungeon, and saw 7 of its levels.

You collected 326 gold pieces.

Inventory:

Jewellery
 f - a +4 ring of dexterity (left paw)
 h - an uncursed ring of fire
 j - a +2 ring of strength (right paw)
 m - an uncursed ring of stealth {unknown}
 q - an amulet of harm (around neck)
 t - a +2 ring of strength
Wands
 o - a wand of iceblast (11)
 s - a wand of disintegration (12)
Scrolls
 b - 4 scrolls of remove curse
 d - 5 scrolls of teleportation
 l - a scroll of fog
 n - a scroll of immolation
 r - 3 scrolls of identify
 v - 2 scrolls of fear
 w - a scroll of noise {unknown}
Potions
 c - a potion of lignification {unknown}
 e - 2 potions of curing
 g - a potion of brilliance {unknown}
 i - a potion of flight {unknown}
 k - a potion of ambrosia
 p - 3 potions of agility
 u - a potion of berserk rage {unknown}
 x - a potion of haste {unknown}
 z - a potion of cancellation {unknown}
Comestibles
 a - 10 rations


   Skills:
 + Level 7.7 Fighting
 + Level 8.6 Dodging
 * Level 7.1 Unarmed Combat


You had 7 spell levels left.
You didn't know any spells.
Your spell library was empty.

Dungeon Overview and Level Annotations

Branches:
Dungeon (6/15)             Temple (1/1) D:4

Altars:
Dithmenos
Hepliaklqana
Kikubaaqudgha
Makhleb
Nemelex Xobeh
Sif Muna
Trog
Vehumet
Wu Jian
Xom
Zin

Shops:
D:6 :(*

Annotations:
D:6 1 transporter


Innate Abilities, Weirdness & Mutations

You cannot wear armour.
You are incapable of wielding weapons or throwing items.
Your paws allow you to move quietly. (Stealth)
You have sharp claws.
You have razor-sharp teeth.
You have supernaturally acute eyesight. (SInv)
You are carnivorous and can eat meat at any time.
You cover ground quickly.
You are covered in thick fur. (AC +2)
You have a slow metabolism.
Your sharp claws are effective at attacking unaware monsters.


Message History

The black bear bites you! The black bear misses you.
The black bear completely misses you.
You scratch the black bear.
The black bear is severely wounded.
The black bear bites you.
The black bear completely misses you. x2
You are too injured to fight recklessly!
You are too injured to fight recklessly!
You are too injured to fight recklessly!
You are too injured to fight recklessly!
You're still recovering from your berserk rage.
You closely miss the black bear.
The black bear is severely wounded.
The black bear bites you.
* * * LOW HITPOINT WARNING * * *
The black bear misses you. The black bear claws you.
* * * LOW HITPOINT WARNING * * *
You claw the black bear!
The black bear is almost dead.
The black bear bites you.
You die...

######.#..##
.###+
#.....⌠.⌠.#
.#;≈≈
#......∩..#
≈≈
#.....⌠.⌠##
#.......##
#.......#####
######.#....#
#.#.##.#
#.#.##@#
#.#...h#
#.#....#
..#..#.#
........
..#[###$
..... # .....


You could see a black bear (berserk).

Vanquished Creatures
  Sigmund (D:5)
  Menkaure (D:5)
  Duvessa (D:6)
  3 ogres
  A centaur (D:5)
  Blork the orc (D:6)
  2 bullfrogs (D:6)
  Dowan (D:6)
  2 scorpions
  3 crimson imps (D:5)
  A jelly (D:5)
  3 orc priests (D:4)
  An orc wizard (D:4)
  Jessica (D:2)
  Ijyb (D:3)
  An iguana (D:5)
  2 worker ants
  A worker ant zombie (D:6)
  A gnoll (D:1)
  11 adders
  2 oozes
  An adder skeleton (D:4)
  An adder zombie (D:5)
  5 worms
  A dart slug (D:3)
  8 leopard geckos
  15 orcs
  7 bats
  8 giant cockroaches
  10 goblins
  8 hobgoblins
  3 jackals
  2 quokkas
  2 ball pythons
  10 frilled lizards
  9 kobolds
  A leopard gecko zombie (D:5)
  12 rats
144 creatures vanquished.

Notes
Turn   | Place    | Note
-------+----------+-------------------------------------------
     0 | D:1      | HereIgoKillingAgain the Felid Berserker began the quest for
                  | the Orb.
     0 | D:1      | Reached XP level 1. HP: 10/10 MP: 2/2
   154 | D:1      | Reached XP level 2. HP: 10/14 MP: 3/3
   509 | D:1      | Reached XP level 3. HP: 17/17 MP: 4/4
   555 | D:1      | Reached ** piety under Trog
   762 | D:2      | Found a burning altar of Makhleb.
   768 | D:2      | Found a glowing silver altar of Zin.
   768 | D:2      | Noticed an angel
   768 | D:2      | Noticed a green death
   950 | D:2      | Reached skill level 5 in Dodging
   950 | D:2      | Reached XP level 4. HP: 11/22 MP: 5/5
  1330 | D:2      | Noticed Jessica
  1341 | D:2      | Killed Jessica
  1607 | D:2      | Reached XP level 5. HP: 25/25 MP: 6/6
  1725 | D:3      | Noticed Ijyb
  1731 | D:3      | Killed Ijyb
  1777 | D:3      | Found a radiant altar of Vehumet.
  1779 | D:3      | Identified Vehumet's Disquisition on Attacks
  1781 | D:3      | Found an ancient bone altar of Kikubaaqudgha.
  1782 | D:3      | Found a deep blue altar of Sif Muna.
  2099 | D:3      | Reached *** piety under Trog
  2443 | D:3      | Found a sparkling altar of Nemelex Xobeh.
  3005 | D:4      | Noticed an ogre
  3012 | D:4      | Killed an ogre
  3012 | D:4      | Reached skill level 6 in Dodging
  3012 | D:4      | Gained mutation: You are covered in thick fur. (AC +2)
                  | [Felid growth]
  3012 | D:4      | Reached XP level 6. HP: 30/30 MP: 7/7
  3102 | D:4      | Reached skill level 5 in Fighting
  3143 | D:4      | Killed from afar by an orc priest
  3144 | D:4      | Reached XP level 5. HP: -3/26 MP: 6/6
  3218 | D:4      | Reached XP level 6. HP: 30/30 MP: 7/7
  3300 | D:4      | Found an ornate altar of the Wu Jian Council.
  3300 | D:4      | Found a shadowy altar of Dithmenos.
  3300 | D:4      | Found a bloodstained altar of Trog.
  3314 | D:4      | Found a staircase to the Ecumenical Temple.
  3323 | D:4      | Reached skill level 5 in Unarmed Combat
  3504 | D:4      | Reached **** piety under Trog
  3805 | Temple   | Entered the Ecumenical Temple
  3838 | D:5      | Entered Level 5 of the Dungeon
  3912 | D:5      | Noticed Sigmund
  3920 | D:5      | Noticed Menkaure
  3922 | D:5      | Killed Sigmund
  3922 | D:5      | Reached skill level 7 in Dodging
  3922 | D:5      | Reached XP level 7. HP: 35/35 MP: 8/8
  3929 | D:5      | Slain by Menkaure
  3930 | D:5      | Reached XP level 6. HP: -1/31 MP: 7/7
  4009 | D:5      | Killed Menkaure
  4077 | D:5      | Found a shimmering altar of Xom.
  4078 | D:5      | Found a hazy altar of Hepliaklqana.
  4116 | D:5      | Noticed a spectral ugly thing
  4159 | D:5      | Reached XP level 7. HP: 36/36 MP: 8/8
  4537 | D:5      | Found a glowing drain.
  4682 | D:5      | Reached skill level 8 in Dodging
  5263 | D:6      | Found Netiw's Assorted Antiques.
  5286 | D:6      | Noticed Blork the orc
  5292 | D:6      | Killed Blork the orc
  5388 | D:6      | Found Qock's Weapon Emporium.
  5465 | D:6      | Found a transporter.
  5467 | D:6      | Noticed Dowan
  5468 | D:6      | Noticed Duvessa
  5469 | D:6      | Reached XP level 8. HP: 29/40 MP: 9/9
  5470 | D:6      | Found Lyakom's Book Shoppe.
  5476 | D:6      | Killed Duvessa
  5477 | D:6      | Killed Dowan
  5509 | D:6      | Slain by a black bear

Vault maps used:
D:1:      dpeg_arrival_windows_large_door, minmay_misc_feat_rows,
          minmay_lizard_king
D:2:      grunt_temple_overflow_order_and_chaos_2,
          minmay_randomly_rotated_circles, uniq_jessica
D:3:      minmay_bubble_buster, grunt_temple_overflow_magic_moments,
          nemelex_altar_shiori, first_ration, uniq_ijyb
D:4:      gammafunk_temple_overflow_claw, temple_doors_e,
          minmay_fractal_squares_5
D:5:      regret_index_temple_of_mockery, portal_sewer_entry_f, uniq_sigmund,
          uniq_menkaure
D:6:      gammafunk_steamed_eel, serial_shops, kennysheep_mini, shop_fountains,
          nicolae_shop_crystal, nicolae_shop_stone, shop, uniq_duvessa,
          uniq_blork_the_orc
Temple:   corrupted_temple

Skill      XL: |  1  2  3  4  5  6  7  8 |
---------------+-------------------------+-----
Dodging        | 5 6 7 8 |  8.6
Fighting       | 4 7 |  7.7
Unarmed Combat | 4 5 6 7 |  7.1

Action                   |  1- 3 |  4- 6 |  7- 9 || total
-------------------------+-------+-------+-------++-------
Melee: Unarmed           |    82 |   197 |    72 ||   351
       Bite              |     7 |    27 |    10 ||    44
       Punch             |       |     7 |     2 ||     9
Invok: Berserk           |     3 |    13 |     2 ||    18
  Use: Scroll            |     5 |     7 |       ||    12
       Potion            |       |     5 |       ||     5
 Stab: Sleeping          |     8 |     9 |     4 ||    21
       Distracted        |       |     1 |       ||     1
  Eat: Chunk             |     6 |    27 |     6 ||    39
Armor: Skin              |     4 |     7 |     6 ||    17
Dodge: Dodged            |    66 |   223 |    66 ||   355

Table legend:
 A = Non-vault XP
 B = Vault XP
 C = Vault XP percentage of total XP
 D = Non-vault monster count
 E = Vault monster count
 F = Vault count percentage of total count
                 A         B        C        D         E       F
            +---------+---------+-------+---------+---------+-------
      Total |    1445 |     992 |  40.7 |     101 |      43 |  29.9
            +---------+---------+-------+---------+---------+-------
        D:1 |      45 |      10 |  18.2 |      21 |       8 |  27.6
        D:2 |      96 |      69 |  41.8 |      23 |       7 |  23.3
        D:3 |      56 |      66 |  54.1 |      19 |      15 |  44.1
        D:4 |     458 |     125 |  21.4 |      19 |       4 |  17.4
        D:5 |     528 |     401 |  43.2 |      13 |       6 |  31.6
        D:6 |     262 |     321 |  55.1 |       6 |       3 |  33.3
            +---------+---------+-------+---------+---------+-------
